 Dungeon Crawl Stone Soup version 0.30-a0-1094-g860fb061e7 (webtiles) character file.

Game seed: 6538944290874516745

23998 hwolsky the Severer (level 12, 0/112 HPs)
             Began as a Minotaur Fighter on Apr 17, 2023.
             Succumbed to a sea snake's poison
             ... on level 1 of the Shoals.
             The game lasted 00:40:35 (12471 turns).

hwolsky the Severer (Minotaur Fighter)             Turns: 12471, Time: 00:40:36

Health: 0/112      AC: 18    Str: 29    XL:     12   Next: 76%
Magic:  11/11      EV: 13    Int:  5    God:
Gold:   722        SH:  0    Dex: 11    Spells: 11/11 levels left

rFire   + + +      SeeInvis .    a - +1 war axe (venom)
rCold   . . .      Faith    .    c - +0 buckler
rNeg    . . .      Spirit   .    u - +0 plate armour
rPois   .          Reflect  .    (helmet restricted)
rElec   .          Rampage  .    (no cloak)
rCorr   .          NoCast   +    t - +0 pair of gloves
Will    .....                    e - +0 pair of boots of Poor Excuses {-Cast rF+++ Str+4} Stlth
                                 (no amulet)
HPRegen 0.38/turn                l - +5 ring of evasion
MPRegen 0.12/turn                B - ring of flight

@: confused, lethally poisoned (0 -> -48), lit by a corona, weak-willed,
ambrosia-drunk, flying, glowing
A: horns 2, retaliatory headbutt
a: no special abilities


You were on level 1 of the Shoals.
You visited 4 branches of the dungeon, and saw 12 of its levels.

You collected 722 gold pieces.

Inventory:

Hand Weapons
 a - a +1 war axe of venom (weapon)
Missiles
 E - a throwing net (quivered)
Armour
 c - a +0 buckler (worn)
 e - the +0 pair of boots of Poor Excuses (worn) {-Cast rF+++ Str+4}
   (You acquired it on level 3 of the Dungeon)

   Str:       It affects your strength (+4).
   rF:        It renders you almost immune to fire.
   -Cast:     It prevents spellcasting.
 g - an orb of light
 t - a +0 pair of gloves (worn)
 u - a +0 plate armour (worn)
Jewellery
 d - an amulet of magic regeneration
 l - a +5 ring of evasion (left hand)
 r - a ring of positive energy
 B - a ring of flight (right hand)
Wands
 b - a wand of charming (4)
 m - a wand of flame (8)
 n - a wand of digging (1)
 s - a wand of iceblast (13)
 x - a wand of quicksilver (8)
 y - a wand of polymorph (8)
Scrolls
 o - 3 scrolls of amnesia
 v - a scroll of fog
 w - 2 scrolls of vulnerability
 z - a scroll of poison
 A - 4 scrolls of identify
 C - 2 scrolls of enchant weapon
Potions
 f - 2 potions of flight
 h - 7 potions of ambrosia
 i - 4 potions of haste
 j - a potion of cancellation
 k - a potion of magic
 p - 2 potions of brilliance
 q - a potion of attraction


   Skills:
 + Level 12.2 Fighting
 * Level 16.3 Axes
 + Level 12.3 Armour
 + Level 12.2 Shields


You had 11 spell levels left.
You didn't know any spells.
Your spell library contained the following spells:

 Spells                   Type           Power      Damage    Failure   Level
 Apportation              Tloc           0%         N/A       99%         1
 Slow                     Hex            0%         N/A       99%         1
 Scorch                   Fire           0%         2d5       99%         2
 Confusing Touch          Hex            0%         N/A       100%        3
 Spider Form              Tmut/Pois      0%         N/A       100%        3
 Vampiric Draining        Necr           0%         2d6       100%        3
 Flame Wave               Conj/Fire      0%         2d4       100%        4
 Olgreb's Toxic Radiance  Pois           0%         N/A       100%        4
 Passage of Golubria      Tloc           0%         N/A       100%        4
 Summon Lightning Spire   Summ/Air       0%         N/A       100%        4
 Alistair's Intoxication  Tmut/Pois      0%         N/A       100%        5
 Blade Hands              Tmut           0%         N/A       100%        5
 Borgnjor's Vile Clutch   Necr/Erth      0%         N/A       100%        5
 Irradiate                Conj/Tmut      0%         3d11      100%        5
 Lee's Rapid Deconstruct  Erth           0%         3d4*      100%        5
 Silence                  Hex/Air        0%         N/A       100%        5
 Summon Mana Viper        Hex/Summ       0%         N/A       100%        5
 Summon Cactus Giant      Summ           0%         N/A       100%        6
 Dragon Form              Tmut           0%         N/A       100%        7
 Summon Hydra             Summ           0%         N/A       100%        7
 Discord                  Hex            0%         N/A       100%        8
 Ignition                 Fire           0%         3d3       100%        8
 Lehudib's Crystal Spear  Conj/Erth      0%         10d2      100%        8


Dungeon Overview and Level Annotations

Branches:
Dungeon (8/15)             Temple (1/1) D:7            Lair (2/5) D:8
 Shoals (1/4) Lair:2
  Snake: Lair:2-3    Spider: Lair:2-3

Altars:
Ashenzari
Cheibriados
Dithmenos
Elyvilon
Fedhas
Hepliaklqana
Kikubaaqudgha
Makhleb
Nemelex Xobeh
Qazlal
Ru
Sif Muna
Trog
Uskayaw
Wu Jian
Xom
Yredelemnul
Zin
The Shining One

Shops:
D:2 ?   D:6 :


Innate Abilities, Weirdness & Mutations

You have a pair of horns on your head.
You reflexively headbutt those who attack you in melee.


Message History

The sea snake bites you.
You are poisoned.
The sea snake poisons you!
The merfolk hits you from afar with a +0 trident.
Read: 2 scrolls of poison
Press: ? - help, Q - select action, (/) - cycle Dir - look around, f - activate The air fills with toxic fumes!
As you read the scroll of poison, it crumbles to dust.
You feel extremely sick. The sea snake bites you!
The faun unwields a +0 sling.
The faun wields a +0 club.
The faun hits you but does no damage. The faun hits you with a +0 spear.
The merfolk closely misses you.
As you read the scroll of teleportation, it crumbles to dust.
You feel strangely unstable.
You feel extremely sick. The sea snake bites you!
The faun hits you with a +0 spear. The faun hits you with a +0 club!
* * * LOW HITPOINT WARNING * * *
You block the merfolk's attack.
You are confused.
You feel invigorated.
* * * LOW HITPOINT WARNING * * *
You feel extremely sick. The sea snake bites you.
* * * LOW HITPOINT WARNING * * *
You are lethally poisoned!
The sea snake poisons you! The faun barely misses you.
The faun closely misses you.
The sea snake bites you but does no damage.
The merfolk closely misses you.
* * * LOW HITPOINT WARNING * * *
You feel extremely sick. The faun barely misses you.
The faun hits you with a +0 club!
* * * LOW HITPOINT WARNING * * *
The sea snake bites you but does no damage.
The merfolk misses you.
You are more confused.
You feel more invigorated.
Your surroundings suddenly seem different.
You die...

~~~~...~~~~~~≈≈≈≈≈≈≈≈≈≈≈≈~~~~~~..
~......~~~≈≈≈≈≈≈≈≈≈≈≈≈≈≈≈~~~~~~..
......~~~~~~≈≈≈≈≈≈≈≈≈≈≈≈~~~~~~~..
..~..).~~.~~≈≈≈~~~~~~~~~~~~~~~~..
#####..~...~≈≈~~.~~~~.~~~~~~)....
# #......~≈≈~~~~~~......~~~..## #
##.....~≈~~~~~......##.P...## .
####..~~~.~~~....#####....## .
##.~~~~~@~...## ##..... .
#.~~~~~~...## ##.~~.) .
#...~~~~..## #P.~... .
##~..~~~..## #P.P~~.. .
####~..~..P.## .P~P≈≈~~. #
##....~~.....# .~≈≈≈≈≈.. #
#~...~.~~.).### ≈≈≈≈≈≈≈~~
#####.~~~..~~.)...# P≈≈≈≈≈≈≈~
....(.....~~~~....# PP≈≈≈≈P~~


There were no monsters in sight!

Vanquished Creatures
  A hydra (Lair:1)
  2 boulder beetles
  A two-headed ogre (D:8)
  An alligator snapping turtle (Shoals:1)
  The ghost of jasper the Covert, a journeyman SpEn of Kikubaaqudgha (Lair:1)
  A skyshark (Shoals:1)
  2 sea snakes (Shoals:1)
  3 harpies (Shoals:1)
  A manticore (Shoals:1)
  A cyclops (Shoals:1)
  2 merfolk sirens (Shoals:1)
  A water nymph (Shoals:1)
  Maurice (D:8)
  7 cane toads
  2 komodo dragons (Lair:1)
  Psyche (D:8)
  A queen bee (Lair:1)
  A troll (D:7)
  9 merfolk (Shoals:1)
  A wind drake (Shoals:1)
  A hornet (D:8)
  2 snapping turtles
  4 dream sheep (Shoals:1)
  5 blink frogs
  Sigmund (D:2)
  6 yaks
  A water elemental (Shoals:1)
  2 wyverns (D:8)
  A basilisk (Lair:1)
  A steam dragon (D:7)
  Eustachio (D:4)
  Grum (D:8)
  Duvessa (D:5)
  3 water moccasins
  4 orc warriors
  3 sky beasts
  2 ice beasts (D:8)
  3 black bears
  8 wolves
  4 centaurs
  11 bullfrogs
  A gnoll sergeant (D:7)
  6 scorpions
  14 wights
  Dowan (D:5)
  24 killer bees
  A howler monkey (D:6)
  4 hounds
  A jelly (D:5)
  A sleepcap (D:6)
  2 orc priests
  Ijyb (D:5)
  3 iguanas
  7 orc wizards
  4 adders
  5 gnolls (D:7)
  A shadow imp (D:6)
  4 white imps
  2 ufetubi
  A worm (D:2)
  4 dart slugs
  38 orcs
  7 ball pythons
  8 bats
  4 endoplasms
  6 giant cockroaches
  6 goblins
  5 hobgoblins
  8 jackals
  10 kobolds
  8 quokkas
  3 frilled lizards
  4 rats
  5 bushes (D:7)
304 creatures vanquished.

Vanquished Creatures (collateral kills)
  An iguana (D:6)
1 creature vanquished.

Vanquished Creatures (others)
  A wight (D:7)
  2 orc wizards
  8 fungi
  17 plants
28 creatures vanquished.

Grand Total: 333 creatures vanquished

Notes
Turn   | Place    | Note
-------+----------+-------------------------------------------
     0 | D:1      | hwolsky the Minotaur Fighter began the quest for the Orb.
     0 | D:1      | Reached XP level 1. HP: 19/19 MP: 0/0
   122 | D:1      | Reached XP level 2. HP: 27/27 MP: 1/1
   227 | D:1      | Reached skill level 3 in Axes
   488 | D:1      | Reached XP level 3. HP: 31/33 MP: 2/2
   772 | D:2      | Found a shimmering altar of Xom.
   792 | D:2      | Noticed Sigmund
   810 | D:2      | Killed Sigmund
   811 | D:2      | Reached skill level 4 in Axes
   811 | D:2      | Reached XP level 4. HP: 40/41 MP: 3/3
   811 | D:2      | Reached XP level 5. HP: 46/47 MP: 4/4
   830 | D:2      | Found a faded altar of an unknown god.
  1233 | D:2      | Reached skill level 5 in Axes
  1276 | D:2      | Got the Directory of Breccia
  1316 | D:2      | Found Gaimey's Magic Scroll Shop.
  2267 | D:3      | Identified a scroll of acquirement
  2267 | D:3      | Acquired the +0 pair of boots of Poor Excuses {-Cast rF+++
                  | Str+4}
  2379 | D:4      | Noticed Eustachio
  2380 | D:4      | Found a shadowy altar of Dithmenos.
  2390 | D:4      | Killed Eustachio
  2391 | D:4      | Reached skill level 5 in Fighting
  2391 | D:4      | Reached skill level 5 in Armour
  2391 | D:4      | Reached skill level 5 in Shields
  2391 | D:4      | Reached XP level 6. HP: 45/56 MP: 5/5
  2953 | D:4      | Found a glowing golden altar of the Shining One.
  3201 | D:5      | Entered Level 5 of the Dungeon
  3240 | D:5      | Noticed Ijyb
  3259 | D:5      | Killed Ijyb
  3260 | D:5      | Reached skill level 6 in Axes
  3285 | D:5      | Found a burning altar of Makhleb.
  3371 | D:5      | Reached XP level 7. HP: 47/61 MP: 6/6
  3721 | D:5      | Noticed Duvessa
  3722 | D:5      | Noticed Dowan
  3731 | D:5      | Killed Duvessa
  3732 | D:5      | Reached skill level 7 in Axes
  3736 | D:5      | Killed Dowan
  4107 | D:5      | Reached XP level 8. HP: 61/70 MP: 7/7
  4337 | D:5      | Found a runed translucent door.
  4408 | D:5      | Reached skill level 8 in Axes
  4974 | D:6      | Found Vaumiody's Self-Improvement Boutique.
  5243 | D:6      | Reached skill level 9 in Axes
  5255 | D:6      | Found an ancient bone altar of Kikubaaqudgha.
  5331 | D:6      | Reached XP level 9. HP: 79/79 MP: 8/8
  5678 | D:7      | Found a staircase to the Ecumenical Temple.
  5904 | Temple   | Entered the Ecumenical Temple
  6023 | D:7      | Noticed a troll
  6034 | D:7      | Killed a troll
  6035 | D:7      | Reached skill level 10 in Axes
  6329 | D:7      | Identified the +5 ring mail of Inevitability {+Blink rC+}
  6890 | D:8      | Reached skill level 11 in Axes
  6987 | D:8      | Noticed Psyche
  6995 | D:8      | Killed Psyche
  7030 | D:8      | Reached XP level 10. HP: 90/90 MP: 9/9
  7157 | D:8      | Noticed a two-headed ogre
  7164 | D:8      | Killed a two-headed ogre
  7304 | D:8      | Reached skill level 12 in Axes
  7323 | D:8      | Noticed Grum
  7335 | D:8      | Killed Grum
  7425 | D:8      | Noticed Maurice
  7457 | D:8      | Killed Maurice
  8006 | D:8      | Found a staircase to the Lair.
  8349 | Lair:1   | Entered Level 1 of the Lair of Beasts
  8349 | Lair:1   | Noticed a cane toad
  8357 | Lair:1   | Killed a cane toad
  8592 | Lair:1   | Noticed a cane toad
  8592 | Lair:1   | Noticed a boulder beetle
  8594 | Lair:1   | Noticed a cane toad
  8601 | Lair:1   | Killed a cane toad
  8602 | Lair:1   | Reached skill level 13 in Axes
  8602 | Lair:1   | Reached XP level 11. HP: 81/99 MP: 10/10
  8609 | Lair:1   | Reached skill level 10 in Armour
  8613 | Lair:1   | Killed a boulder beetle
  8614 | Lair:1   | Reached skill level 10 in Fighting
  8614 | Lair:1   | Reached skill level 10 in Shields
  9444 | Lair:1   | Found a runed translucent gate.
  9444 | Lair:1   | Found a runed translucent gate.
  9444 | Lair:1   | Found a runed translucent gate.
  9446 | Lair:1   | Noticed a five-headed hydra
  9447 | Lair:1   | Noticed jasper's ghost (journeyman SpEn)
  9562 | Lair:1   | Reached skill level 14 in Axes
  9570 | Lair:1   | Killed a 15-headed hydra
  9624 | Lair:1   | Killed jasper's ghost
 10490 | Lair:2   | Noticed a boulder beetle
 10503 | Lair:2   | Killed a boulder beetle
 10504 | Lair:2   | Reached XP level 12. HP: 62/110 MP: 11/11
 10510 | Lair:2   | Found a staircase to the Shoals.
 10676 | Shoals:1 | Entered Level 1 of the Shoals
 10719 | Shoals:1 | Reached skill level 15 in Axes
 10777 | Shoals:1 | Got the Directory of the Commander and Pestilence
 11090 | Shoals:1 | Noticed an alligator snapping turtle
 11113 | Shoals:1 | HP: 5/110 [alligator snapping turtle (22)]
 11115 | Shoals:1 | HP: 2/110 [alligator snapping turtle (12)]
 11117 | Shoals:1 | Killed an alligator snapping turtle
 11785 | Shoals:1 | Reached skill level 16 in Axes
 12471 | Shoals:1 | Succumbed to a sea snake's poison

Illustrated notes

Levels and vault maps discovered:
D:1:      zaba_arrival_water, layout_loops_ring
D:2:      layout_basic, serial_rivers, chequers_serial_rivers_large_a,
          chequers_serial_rivers_micro_c, chequers_serial_rivers_small_a,
          chequers_serial_rivers_micro_c, serial_shops,
          nicolae_shop_real_fake_doors, basic_altar,
          hellmonk_ecumenical_altar_dog_temple, minmay_tromino_v7, uniq_sigmund
D:3:      layout_basic, kennysheep_pointless_box
D:4:      layout_gridville, mainiacjoe_overflow_large_starburst, uniq_eustachio
D:5:      layout_layer_cave, mainiacjoe_overflow_cross_hatched,
          lightli_church_of_beogh, uniq_ijyb, uniq_duvessa
D:6:      layout_loops_cross, lemuel_tele_altar, dreamdust_wishing_well,
          nicolae_shop_self_help
D:7:      layout_basic, minmay_temple_entry_overgrown
D:8:      minmay_bubble_buster, layout_gridville,
          grunt_lair_entry_orc_guard_hut, uniq_grum, uniq_psyche, uniq_maurice
Temple:   eino_wide_crystal_templ
Lair:1:   layout_loops_ring, special_room [special_room_bee],
          gammafunk_ghost_split, fungi_pond_lemuel, beast_lair_carwin_11
Lair:2:   layout_cave_pods, minmay_shoals_entry_hut,
          spider_nest_entry_funnel_web, uniq_prince_ribbit2
Shoals:1: layout_shoals, gammafunk_ghost_cemetery, nicolae_shoals_flooded_hall,
          uniq_mlioglotl

Skill      XL: |  1  2  3  4  5  6  7  8  9 10 11 12 |
---------------+-------------------------------------+-----
Axes           | 3 4 5 6 7 9 11 13 14 16 | 16.3
Fighting       | 4 5 6 7 8 9 11 12 | 12.2
Armour         | 4 5 6 7 8 9 11 12 | 12.3
Shields        | 4 5 6 7 8 9 11 12 | 12.2

Action                     |  1- 3 |  4- 6 |  7- 9 | 10-12 || total
---------------------------+-------+-------+-------+-------++-------
  Melee: War axe           |    55 |    94 |   252 |   447 ||   848
         Headbutt          |     6 |    19 |    54 |    84 ||   163
  Throw: Boomerang         |       |    69 |    24 |       ||    93
  Evoke: Wand              |       |       |     5 |    10 ||    15
    Use: Scroll            |     2 |    11 |     5 |     6 ||    24
         Potion            |       |     1 |     3 |    16 ||    20
   Stab: Distracted        |       |       |     1 |       ||     1
 Armour: Scale mail        |    33 |    55 |       |       ||    88
         Plate armour      |       |     1 |   124 |   189 ||   314
         Skin              |       |       |       |    92 ||    92
  Dodge: Dodged            |    37 |    40 |   104 |   227 ||   408
  Block: Buckler           |     7 |    32 |    49 |   138 ||   226

Table legend: (Time is in decaauts)
 A = Elapsed time spent in this place.
 B = Non-inter-level travel time spent in this place.
 C = Inter-level travel time spent in this place.
 D = Time resting spent in this place.
 E = Time spent auto-exploring this place.
 F = Levels seen in this place.
 G = Mean time per level.
                   A        B        C        D        E       F      G
               +--------+--------+--------+--------+--------+-----+--------+
         Total |  12522 |  12243 |    279 |   2541 |   6733 |  12 | 1043.5 |
       Dungeon |   8383 |   8123 |    260 |    569 |   5467 |   8 | 1047.9 |
        Temple |     81 |     81 |      0 |      0 |     40 |   1 |   81.0 |
          Lair |   2297 |   2279 |     18 |    986 |    781 |   2 | 1148.5 |
        Shoals |   1759 |   1759 |      0 |    986 |    445 |   1 | 1759.0 |
               +--------+--------+--------+--------+--------+-----+--------+

Top non-repeatable levels by time:
  Lair:1: 1913 daAuts
Shoals:1: 1759 daAuts
     D:5: 1615 daAuts
     D:8: 1570 daAuts
     D:7: 1046 daAuts
     D:3: 898 daAuts
     D:4: 896 daAuts
     D:6: 866 daAuts
     D:1: 794 daAuts
     D:2: 695 daAuts
  Lair:2: 384 daAuts
  Temple: 81 daAuts
